AoeStats
← wgxseed

Arabia

510518935Analyzed
1v1 RM · 1d ago on Oct 1, 2026· 40m 42s· 2 players
Game mode
Random Map
Map size
Tiny (2 player)
Population
200
Speed
Normal
Resources
Standard
Victory
Conquest
Starting age
Dark Age
Ending age
Imperial Age
RankedLock teamsTeams togetherTeam positionsShared explorationLock speedFull tech treeHidden civsTurbo modeCheats
Victory
Defeat
🇹🇼 Huns · Taiwan
1714
+9
🇦🇹 Tatars · Austria
1558
-9
Dodo
8:51 Feudal Age
9:24 Double-Bit Axe
10:36 Loom
15:51 Fletching
17:14 Wheelbarrow
21:03 Castle Age
21:49 Bodkin Arrow
23:28 Padded Archer Armor
24:21 Bow Saw
24:28 Town Watch
25:48 Husbandry
27:40 Bloodlines
29:30 Ballistics
33:04 Hand Cart
40:06 Imperial Age
38:30 Scale Barding Armor
38:35 Forging
wgxseed
6:17 Loom
8:52 Feudal Age
9:30 Double-Bit Axe
9:31 Horse Collar
17:49 Fletching
18:37 Forging
24:27 Castle Age
23:08 Bloodlines
23:52 Scale Barding Armor
24:54 Wheelbarrow
24:13 Gold Mining
25:32 Chain Barding Armor
24:46 Elite Skirmisher
25:50 Husbandry
26:20 Bodkin Arrow
27:03 Padded Archer Armor
31:10 Leather Archer Armor
35:32 Ballistics
38:50 Imperial Age
38:15 Iron Casting
38:18 Wheelbarrow
39:13 Bow Saw
39:04 Heavy Plow
39:34 Bracer
Connection lost

Rejoining the realm…

Still unreachable

The connection could not be restored.

Session expired

The server has moved on; the page needs a fresh start.